AoeStats
← ivcrk826

Arena

509316453Analyzed
3v3 RM · 5d ago on Sep 26, 2026· 25m 21s· 6 players
Game mode
Random Map
Map size
Normal (6 player)
Population
200
Speed
Normal
Resources
Standard
Victory
Conquest
Starting age
Dark Age
Ending age
Imperial Age
RankedLock teamsTeams togetherTeam positionsShared explorationLock speedFull tech treeHidden civsTurbo modeCheats
Victory
Defeat
🇻🇳 Turks · Vietnam
1514
+11
🇷🇺 Danes · Russia
1494
+12
🇧🇷 Gurjaras · Brazil
1484
+13
🇷🇺 Malay · Russia
1434
-12
🇻🇳 Shu · Vietnam
1401
-12
🇦🇷 Persians · Argentina
1399
-12
minhkhaidz204
9:33 Feudal Age
14:38 Castle Age
14:26 Double-Bit Axe
14:22 Horse Collar
16:19 Bow Saw
20:57 Gold Mining
21:38 Heavy Plow
23:49 Gold Shaft Mining
23:45 Stone Mining
24:24 Fletching
24:34 Padded Archer Armor
25:11 Wheelbarrow
24:56 Loom
25:22 Bodkin Arrow
25:55 Ballistics
ivcrk826
11:01 Feudal Age
14:51 Castle Age
13:20 Double-Bit Axe
13:39 Horse Collar
16:54 Loom
21:05 Scale Barding Armor
25:42 Chain Barding Armor
YuriiVegas
6:41 Loom
8:53 Feudal Age
8:36 Double-Bit Axe
10:35 Horse Collar
11:05 Gold Mining
14:48 Loom
18:04 Castle Age
16:32 Stone Mining
18:03 Bow Saw
19:16 Heavy Plow
22:27 Wheelbarrow
23:05 Town Watch
AeroSpeed
12:10 Feudal Age
13:26 Double-Bit Axe
16:14 Castle Age
14:31 Horse Collar
15:28 Gold Mining
23:08 Scale Mail Armor
23:18 Forging
23:23 Scale Mail Armor
25:46 Iron Casting
DEXXTER
10:24 Feudal Age
14:30 Castle Age
12:43 Double-Bit Axe
13:27 Horse Collar
14:54 Gold Mining
15:13 Loom
16:20 Padded Archer Armor
25:09 Leather Archer Armor
GELO163Rus
0:41 Loom
9:33 Feudal Age
10:45 Double-Bit Axe
16:34 Castle Age
15:29 Stone Mining
15:30 Gold Mining
15:29 Horse Collar
19:14 Squires
18:59 Gambesons
19:00 Arson
20:32 Scale Mail Armor
24:58 Chain Mail Armor
Connection lost

Rejoining the realm…

Still unreachable

The connection could not be restored.

Session expired

The server has moved on; the page needs a fresh start.